 Dungeon Crawl Stone Soup version 0.25-a0-860-gf695395b5c (webtiles) character file.

Game seed: 10972817367366555174, levelgen mode: deterministic

6867 unvid the Geomancer (level 10, -22/80 HPs)
             Began as a Mummy Earth Elementalist on Apr 28, 2020.
             Was an Initiate of Gozag.
             Shot with a bolt by a yaktaur (25 damage)
             ... on level 10 of the Dungeon.
             The game lasted 00:27:22 (14728 turns).

unvid the Geomancer (Mummy Earth Elementalist)     Turns: 14728, Time: 00:27:22

Health: -22/80     AC:  7    Str: 12    XL:     10   Next: 78%
Magic:  0/21       EV: 12    Int: 18    God:    Gozag
Gold:   457        SH:  3    Dex: 12    Spells: 9/24 levels left

rFire    x . .     SeeInvis .   a - +3 mace (drain)
rCold    + . .     Gourm    .   (no shield)
rNeg     + + +     Faith    .   c - +0 robe
rPois    ∞         Spirit   .   w - +2 helmet
rElec    .         Reflect  +   (no cloak)
rCorr    .         Harm     .   (no gloves)
MR       ++...                  m - +1 pair of boots {run}
Stlth    +++.......             r - +3 amulet of reflection
HPRegen  0.23/turn              l - ring of protection from magic
MPRegen  0.17/turn              (no ring)

@: stab, very slightly contaminated, invisible, quick
A: no food or potions, fire vulnerability, cold resistance 1, negative energy
resistance 3, torment resistance, unbreathing
a: Potion Petition, Call Merchant, Bribe Branch, Renounce Religion


You were on level 10 of the Dungeon.
You worshipped Gozag.
Gozag was aware of your devotion.
You were not hungry.

You visited 2 branches of the dungeon, and saw 11 of its levels.
You also visited: Sewer.

You collected 2065 gold pieces.
You spent 584 gold pieces at shops.
You paid 1024 gold pieces to Gozag.

Inventory:

Hand Weapons
 a - a +3 mace of draining (weapon)
 d - a +0 dagger
Missiles
 b - 137 stones (quivered)
 h - a throwing net
Armour
 c - a +0 robe (worn)
 m - a +1 pair of boots of running (worn)
 w - a +2 helmet (worn)
Jewellery
 l - a ring of protection from magic (left hand)
 q - an uncursed ring of ice
 r - a +3 amulet of reflection (around neck)
 t - an uncursed amulet of harm
Scrolls
 e - a scroll of immolation
 f - a scroll of identify
 g - 5 scrolls of teleportation
 j - 4 scrolls of magic mapping
 k - 8 scrolls of remove curse
 o - 2 scrolls of fog
 p - a scroll of amnesia
 s - a scroll of blinking
 u - a scroll of enchant weapon


   Skills:
 + Level 8.2 Fighting
 - Level 1.5 Dodging
 - Level 6.4 Stealth
 - Level 7.9 Spellcasting
 * Level 2.3 Conjurations
 - Level 0.7 Transmutations
 - Level 8.2 Earth Magic
   Level 4.0 Evocations


You had 9 spell levels left.
You knew the following spells:

 Your Spells              Type           Power        Failure   Level  Hunger
a - Sandblast             Erth           #####.       1%          1    N/A
b - Passwall              Tmut/Erth      ###.....     2%          2    N/A
c - Stone Arrow           Conj/Erth      ####..       3%          3    N/A
d - Lee's Rapid Deconstr  Erth           #####.....   9%          5    N/A
e - Petrify               Tmut/Erth      ###.....     16%         4    N/A

Your spell library contained the following spells:

 Spells                   Type           Power        Failure   Level  Hunger
 Corona                   Hex            #......      10%         1    N/A
 Ensorcelled Hibernation  Hex/Ice        #.....       16%         2    N/A
 Dazzling Flash           Conj/Hex       ##....       19%         3    N/A
 Confusing Touch          Hex            #.......     30%         3    N/A
 Tukima's Dance           Hex            #.......     30%         3    N/A

Dungeon Overview and Level Annotations

Branches:
Dungeon (10/15)            Temple (0/1) D:5            Lair (1/6) D:9
  Sewer (visited)
    Orc: D:9-12

Altars:
Ashenzari
Cheibriados
Dithmenos
Gozag
Hepliaklqana
Kikubaaqudgha
Nemelex Xobeh
Okawaru
Ru
Trog
Xom
Yredelemnul
Zin
The Shining One

Shops:
D:9 *

Annotations:
D:2 Terence
D:9 Erolcha


Innate Abilities, Weirdness & Mutations

You do not eat or drink.
Your flesh is vulnerable to fire.
You are immune to poison.
Your flesh is cold resistant. (rC+)
You are immune to negative energy. (rN+++)
You are immune to unholy pain and torment.
You can survive without breathing.


Message History

You feel your power leaking away. [a] - 920 gold - heal wounds, curing, magic, resistance, might and haste [b] - 483 gold - resistance, flight and haste [c] - 252 gold - invisibility and stabbing Purchase which effect?
You don't have enough gold for that! [a] - 920 gold - heal wounds, curing, magic, resistance, might and haste [b] - 483 gold - resistance, flight and haste [c] - 252 gold - invisibility and stabbing Purchase which effect?
You fade into invisibility!
You feel ready to backstab.
The yaktaur hits you with the +6 flail "Degga" {antimagic, rN+ MP+9}!
* * * LOW HITPOINT WARNING * * *
You are very lightly contaminated with residual magic.
A bullfrog comes into view.
The yaktaur unwields the +6 flail "Degga" {antimagic, rN+ MP+9}.
The yaktaur wields a +0 arbalest.
The yaktaur shoots a bolt.
The bolt hits you!!
You die...
Your body crumbles into a pile of gold.

##. ##..## #...#
#..##.### #...# #.##.###
#...# #.##.##.#### #...#
#.###.#.#..# #...#
#..##.##.##. #...# #.#
##..#.#. #...# #.#
####.## #.@.####.##
#..###
#.#####...)....[##..####.
#...........F....## ##..#
#.........######..###.###
#..####.c.# ##.).).... .
#...# ###.####. #...# #.#
#...# #.# #...# #.#


You could see a yaktaur and a bullfrog (wandering).

Vanquished Creatures
  A two-headed ogre (shapeshifter) (D:10)
  An unseen horror (D:10)
  An ugly thing (D:10)
  Maggie (D:6)
  A troll (D:9)
  Sigmund (D:3)
  2 yaks (D:9)
  2 hungry ghosts (D:10)
  A water moccasin (D:7)
  2 black bears
  3 sky beasts
  2 ogres
  A necrophage (D:7)
  5 centaurs
  A crocodile (D:9)
  2 big kobolds
  4 bullfrogs
  A gnoll sergeant (D:8)
  3 scorpions
  2 killer bees (D:9)
  7 wights
  2 howler monkeys
  4 crimson imps
  2 bullfrog zombies
  A quasit (D:9)
  2 centaur skeletons
  4 hounds
  4 orc priests
  4 jellies
  11 orc wizards
  4 iguanas
  8 worker ants
  A merfolk siren (Sewer)
  A killer bee zombie (D:6)
  A hound zombie (D:6)
  A hound skeleton (D:10)
  2 worker ant zombies (D:7)
  14 adders
  7 gnolls
  2 river rats (Sewer)
  5 shadow imps
  An ooze (D:2)
  An adder skeleton (D:6)
  An adder zombie (D:9)
  2 worms
  3 dart slugs
  15 leopard geckos
  37 orcs
  6 giant cockroaches
  8 goblins
  2 hobgoblins
  5 jackals
  12 kobolds
  5 quokkas
  9 ball pythons
  4 bats
  10 frilled lizards
  A jackal skeleton (D:5)
  A leopard gecko skeleton (D:6)
  32 rats
279 creatures vanquished.

Vanquished Creatures (others)
  A centaur zombie (D:10)
  A human (D:5)
  A crocodile (D:10)
  A bullfrog skeleton (D:10)
  A worker ant zombie (D:10)
  An orc (D:6)
  A kobold (D:9)
7 creatures vanquished.

Grand Total: 286 creatures vanquished

Notes
Turn   | Place    | Note
-------+----------+-------------------------------------------
     0 | D:1      | unvid the Mummy Earth Elementalist began the quest for the
                  | Orb.
     0 | D:1      | Reached XP level 1. HP: 13/13 MP: 4/4
   367 | D:1      | Reached XP level 2. HP: 14/19 MP: 0/5
  1199 | D:2      | Reached XP level 3. HP: 24/24 MP: 5/7
  1203 | D:2      | Learned a level 2 spell: Passwall
  1207 | D:2      | Learned a level 3 spell: Stone Arrow
  1576 | D:2      | Found an ancient bone altar of Kikubaaqudgha.
  1582 | D:2      | Found an iron altar of Okawaru.
  1583 | D:2      | Found a sacrificial altar of Ru.
  1586 | D:2      | Found an opulent altar of Gozag.
  1590 | D:2      | Became a worshipper of Gozag Ym Sagoz the Greedy
  1679 | D:2      | Noticed Terence
  1844 | D:3      | Reached XP level 4. HP: 24/30 MP: 3/8
  2239 | D:2      | Found a shattered altar of Ashenzari.
  2278 | D:3      | Noticed Sigmund
  2283 | D:3      | Found a hazy altar of Hepliaklqana.
  2335 | D:3      | Killed Sigmund
  2335 | D:3      | Reached skill level 5 in Earth Magic
  2335 | D:3      | Reached XP level 5. HP: 6/35 MP: 1/9
  2742 | D:3      | Found a bloodstained altar of Trog.
  2793 | D:3      | Found a glowing silver altar of Zin.
  2793 | D:3      | Noticed an angel
  3115 | D:3      | Reached XP level 6. HP: 23/41 MP: 5/10
  4540 | D:4      | Noticed a sky beast
  4545 | D:4      | Killed a sky beast
  4545 | D:4      | Reached XP level 7. HP: 46/46 MP: 1/11
  4754 | D:4      | Found a hazy altar of Hepliaklqana.
  5125 | D:5      | Entered Level 5 of the Dungeon
  5190 | D:5      | Learned a level 5 spell: Lee's Rapid Deconstruction
  5282 | D:5      | Found a shadowy altar of Dithmenos.
  5326 | D:5      | Reached skill level 1 in Fighting
  5761 | D:5      | Reached XP level 8. HP: 54/54 MP: 4/14
  5930 | D:5      | Learned a level 4 spell: Petrify
  6043 | D:5      | Found a staircase to the Ecumenical Temple.
  6073 | D:5      | Found an ancient bone altar of Kikubaaqudgha.
  6361 | D:6      | Reached skill level 5 in Spellcasting
  6392 | D:6      | Found a glowing drain.
  6400 | D:6      | Noticed Maggie
  6429 | D:6      | Killed Maggie
  6516 | Sewer    | Entered a sewer
  7682 | D:6      | You fall into a shaft and drop 1 floor!
  7883 | D:7      | Found a basalt altar of Yredelemnul.
  7929 | D:7      | Reached XP level 9. HP: 61/64 MP: 13/18
  7991 | D:7      | Reached skill level 5 in Stealth
  8711 | D:6      | Found a snail-covered altar of Cheibriados.
  9739 | D:8      | Found a sparkling altar of Nemelex Xobeh.
 10563 | D:8      | Found a glowing golden altar of the Shining One.
 10901 | D:9      | Reached skill level 5 in Fighting
 11099 | D:9      | Reached skill level 1 in Evocations
 11132 | D:9      | Noticed a troll
 11201 | D:9      | Killed a troll
 11201 | D:9      | Reached XP level 10. HP: 46/74 MP: 16/21
 11411 | D:9      | Found a staircase to the Lair.
 11427 | D:9      | Noticed Erolcha
 11680 | D:9      | Found a shimmering altar of Xom.
 12113 | D:10     | Entered Level 10 of the Dungeon
 12327 | D:10     | Noticed a green ugly thing
 12327 | D:10     | Noticed a two-headed ogre
 12340 | D:10     | Killed a two-headed ogre
 12348 | D:10     | Killed a brown ugly thing
 12479 | D:10     | Noticed a cyclops
 12496 | D:10     | Killed an unseen horror
 12543 | D:10     | Noticed a centaur warrior
 12942 | D:9      | Bought a +1 pair of boots of running for 584 gold pieces
 13255 | D:10     | Identified the +6 flail "Degga" {antimagic, rN+ MP+9}
 13754 | D:10     | Reached skill level 1 in Conjurations
 14450 | Lair:1   | Entered Level 1 of the Lair of Beasts
 14725 | D:10     | HP: 2/80 [yaktaur/the +6 flail "Degga" {antimagic, rN+
                  | MP+9} (11)]
 14728 | D:10     | Shot with a bolt by a yaktaur

Levels and vault maps discovered:
D:1:      erik_arrival_triangle_small, layout_basic, nrook_mini_vaults
D:2:      layout_loops_cross, nicolae_overflow_hidden_temple, minitemple,
          chequers_ecumenical_altar_simple, uniq_terence
D:3:      layout_loops_cross, zin_angel, lightli_temple_of_fire,
          lemuel_altar_in_water, uniq_sigmund
D:4:      layout_layer_cave, lemuel_round_altar
D:5:      layout_rooms, grunt_dithmenos_shadows, minmay_temple_entry_junction,
          first_ration, tgw_kikubaaqudgha
D:6:      layout_basic, cheibrodos_worm_habitat, portal_sewer_entry_f,
          item_on_display_a, uniq_maggie
D:7:      layout_basic, kennysheep_mini
D:8:      layout_rooms, nemelex_xobeh_ov_fountains_minmay, tso_oasis_becter
D:9:      layout_roguey, dpeg_oklobed_lair, basic_altar, uniq_erolcha
D:10:     minmay_the_grid_octo_tiled_octocenter [minmay_the_grid_octo_horde,
          minmay_the_grid_octo_odd_swirl, minmay_the_grid_octo_fan_narrow,
          minmay_the_grid_octo_toaster, minmay_the_grid_octo_prize_star,
          minmay_the_grid_square_5x5_minimal,
          minmay_the_grid_square_5x5_checkered,
          minmay_the_grid_square_5x5_tetrominoes,
          minmay_the_grid_square_5x5_lines], layout_long_grid
Lair:1:   layout_misc_corridors, basic_altar, serial_bayou_shore_b,
          grunt_megastairs_3

Skill      XL: |  1  2  3  4  5  6  7  8  9 10 |
---------------+-------------------------------+-----
Earth Magic    | 3 4 5 6 7 8 |  8.2
Stealth        | 3 4 6 |  6.4
Spellcasting   | 4 6 7 |  7.9
Fighting       | 1 3 5 8 |  8.2
Evocations     | 1 4 |  4.0
Conjurations   | 2 |  2.3
Dodging        | |  1.5
Transmutations | |  0.7

Action                   |  1- 3 |  4- 6 |  7- 9 | 10-12 || total
-------------------------+-------+-------+-------+-------++-------
Melee: Unarmed           |    12 |       |       |       ||    12
       Dagger            |    28 |    10 |       |       ||    38
       Mace              |       |    29 |   200 |    33 ||   262
 Cast: Sandblast         |    48 |    61 |   141 |    31 ||   281
       Passwall          |     1 |     1 |       |       ||     2
       Stone Arrow       |       |     3 |    72 |    19 ||    94
       Lee's Rapid Decon |       |       |     9 |    17 ||    26
       Petrify           |       |       |     1 |     1 ||     2
Invok: Potion Petition   |       |       |     1 |     1 ||     2
       Call Merchant     |       |       |       |     1 ||     1
Evoke: Wand              |       |       |     2 |     4 ||     6
  Use: Scroll            |       |       |    14 |     7 ||    21
 Stab: Sleeping          |     2 |       |     7 |       ||     9
       Paralysed         |       |       |     7 |       ||     7
       Distracted        |       |       |     1 |       ||     1
       Petrified         |       |       |     8 |       ||     8
Armor: Robe              |     8 |     7 |    50 |    27 ||    92
Dodge: Dodged            |    28 |    30 |   217 |    39 ||   314
Block: Other             |       |       |       |     9 ||     9
       Reflection        |       |       |       |     3 ||     3

Table legend:
 A = Non-vault XP
 B = Vault XP
 C = Vault XP percentage of total XP
 D = Non-vault monster count
 E = Vault monster count
 F = Vault count percentage of total count
                 A         B        C        D         E       F
            +---------+---------+-------+---------+---------+-------
      Total |    6484 |    3327 |  33.9 |     219 |      60 |  21.5
            +---------+---------+-------+---------+---------+-------
        D:1 |      35 |       0 |   0.0 |      20 |       0 |   0.0
        D:2 |      47 |       0 |   0.0 |      16 |       0 |   0.0
        D:3 |     132 |     223 |  62.8 |      21 |       1 |   4.5
        D:4 |     390 |       0 |   0.0 |      21 |       0 |   0.0
        D:5 |     806 |      11 |   1.3 |      25 |       1 |   3.8
        D:6 |     984 |     417 |  29.8 |      26 |       7 |  21.2
        D:7 |    1297 |       0 |   0.0 |      40 |       0 |   0.0
        D:8 |     595 |       0 |   0.0 |      24 |       0 |   0.0
        D:9 |    1620 |       0 |   0.0 |      17 |       0 |   0.0
       D:10 |     578 |    2541 |  81.5 |       9 |       8 |  47.1
      Sewer |       0 |     135 | 100.0 |       0 |      43 | 100.0
            +---------+---------+-------+---------+---------+-------
